Lightning vs Bruins

Created - 4 novembre 2020 at 21:34

Goals
1 2 3 OT1 SO T
Lightning 2 0 0 0 2 3
Bruins 1 0 1 0 1 2
Shots
1 2 3 OT1 SO T
Lightning 21 14 6 7 4 48
Bruins 12 8 11 4 4 35

1st period

1. Bruins , Brendan Lemieux 1 (Adam Henrique 1, Carl Hagelin 1) at 2:23
2. Lightning , Logan Couture 1 (Patrice Bergeron 3, Kevin Shattenkirk 2) at 7:35
3. Lightning , Patrice Bergeron 3 (Frederik Gauthier 1) at 9:06

Penalties :
Erik Gudbranson (TBL) for Hooking (Minor) at 17:24

2nd period

No Goal

Penalties :
Travis Zajac (TBL) for Interference (Minor) at 1:47, Jan Rutta (BOS) for Hooking (Minor) at 4:02, Patrice Bergeron (TBL) for Tripping (Minor) at 4:02, Jonathon Merrill (BOS) for Holding (Minor) at 9:25, Michael Stone (BOS) for High sticking (Minor) at 16:14, Frederik Gauthier (TBL) for Tripping (Minor) at 18:42

3rd period

4. Bruins , Radek Faksa 3 (Tanner Fritz 1, Jordan Oesterle 2) at 3:05

Penalties :
Jason Demers (TBL) for Holding (Minor) at 6:17, Erik Gudbranson (TBL) for Roughing (Minor) at 7:09

Overtime #1

No Goal

Penalties :
No Penalty

Shootout

Lightning, Patrice Bergeron - Shot Misses the Net
Bruins, Tyler Bertuzzi - Stopped by Elvis Merzlikins
Lightning, Bo Horvat - Goal!
Bruins, Adam Henrique - Goal!
Lightning, Logan Couture - Stopped by Tristan Jarry
Bruins, Radek Faksa - Stopped by Elvis Merzlikins
Lightning, Jeff Carter - Goal!
Bruins, Jayson Megna - Stopped by Elvis Merzlikins

Penalties :
No Penalty

Goalie Stats

Elvis Merzlikins (TBL), 33 saves from 35 shots - (0,943), W, 2-1-0, 65:00 minutes
Tristan Jarry (BOS), 46 saves from 48 shots - (0,958), OTL, 0-2-1, 65:00 minutes

Players Stats for Lightning

Player Name              G  A  P  +/- PIM S  H  SB GA TA FO     MP     PP MP  PK MP  
------------------------------------------------------------------------------------
Alex Killorn             0  0  0  -1  0   6  0  2  0  0  2/3    21:43   2:26   4:56 
Alexander Edler          0  0  0   2  0   1  1  4  0  0  0/0    27:56   1:32   4:36 
Bo Horvat                0  0  0  -1  0   4  1  0  0  0  12/22  20:38   2:26   0:00 
Erik Gudbranson          0  0  0  -2  4   1  1  0  0  0  0/0    19:21   2:26   2:08 
Frederik Gauthier        0  1  1   1  2   1  0  0  0  0  5/5     3:11   0:00   0:00 
Jason Demers             0  0  0  -2  2   1  0  0  0  0  0/0    20:59   2:26   3:30 
Jeff Carter              0  0  0   0  0   3  3  1  0  0  1/3    20:06   1:32   0:00 
Jeff Skinner             0  0  0   0  0   1  1  0  0  0  0/0    13:30   0:00   1:32 
Joonas Donskoi           0  0  0   1  0   1  0  0  0  0  0/0     5:37   0:00   2:25 
Kevin Shattenkirk        0  1  1   1  0   0  1  2  0  0  0/0    23:47   1:32   4:39 
Logan Couture            1  0  1   0  0   12 3  0  0  0  2/2    20:22   1:32   0:00 
Luca Sbisa               0  0  0   0  0   0  0  3  0  0  0/0    15:00   0:00   1:45 
Patrice Bergeron         1  1  2   1  2   10 1  0  0  0  15/28  23:48   1:32   0:08 
Pierre-Edouard Bellemare 0  0  0   0  0   2  0  0  0  0  5/14   17:59   0:00   5:26 
Travis Zajac             0  0  0   0  2   3  1  2  0  0  12/23  14:40   0:00   2:02 
Trevor Daley             0  0  0   1  0   0  0  0  0  0  0/0     4:39   0:00   0:57 
Zach Bogosian            0  0  0   0  0   0  0  3  0  0  0/0    13:15   0:00   0:00 
Zack Kassian             0  0  0  -1  0   2  4  1  0  0  0/0    16:29   2:26   0:00 

Players Stats for Bruins

Player Name              G  A  P  +/- PIM S  H  SB GA TA FO     MP     PP MP  PK MP  
------------------------------------------------------------------------------------
Adam Henrique            0  1  1   0  0   2  0  0  0  0  10/19  14:09   0:06   1:14 
Alex Iafallo             0  0  0   0  0   5  0  1  0  0  0/0    23:56   4:33   1:14 
Antoine Roussel          0  0  0   0  0   4  3  0  0  0  1/1    18:52   0:00   1:46 
Brendan Lemieux          1  0  1   0  0   3  0  1  0  0  2/2    11:45   0:00   0:00 
Brett Pesce              0  0  0   0  0   0  1  1  0  0  0/0    19:35   0:00   2:01 
Brian Dumoulin           0  0  0   0  0   2  2  1  0  0  0/0    16:56   3:51   2:01 
Carl Hagelin             0  1  1   0  0   0  1  1  0  0  2/4    16:31   0:00   1:12 
Jan Rutta                0  0  0   0  2   0  0  0  0  0  0/0     6:54   0:00   1:57 
Jayson Megna             0  0  0   0  0   4  2  0  0  0  13/26  21:10   4:15   0:00 
Jonathon Merrill         0  0  0  -1  2   0  1  1  0  0  0/0    17:48   0:00   0:00 
Jordan Oesterle          0  1  1   1  0   2  1  5  0  0  0/0    21:14   4:57   0:00 
Marcus Sorensen          0  0  0   0  0   1  0  0  0  0  1/1     9:52   4:33   0:00 
Markus Nutivaara         0  0  0  -1  0   0  0  2  0  0  0/0    20:18   3:51   1:57 
Michael Stone            0  0  0   1  2   0  4  0  0  0  0/0    22:12   4:57   0:00 
Radek Faksa              1  0  1   0  0   6  3  1  0  0  12/33  20:55   4:27   0:00 
Tanner Fritz             0  1  1   0  0   2  3  0  0  0  0/1    18:59   4:15   0:00 
Tyler Bertuzzi           0  0  0   0  0   4  3  0  0  0  1/2    20:21   4:15   0:00 
Vladimir Sobotka         0  0  0   0  0   0  0  0  0  0  4/11    7:33   0:00   2:30 

3 Stars

1 - Tristan Jarry (BOS)
2 - Patrice Bergeron (TBL)
3 - Elvis Merzlikins (TBL)

Power Play

Lightning - 0 on 2 Attempt(s) - 0,00%
Bruins - 0 on 5 Attempt(s) - 0,00%

Penalty Kill

Lightning - 5 on 5 Attempt(s) - 100,00% - Score 0 goal in Penalty Kill
Bruins - 2 on 2 Attempt(s) - 100,00% - Score 0 goal in Penalty Kill

Team Stat

Lightning - Hits : 17 - Faceoff Wins : 54 - Blocked Shots : 18 - Penalty Minutes : 12
Bruins - Hits : 24 - Faceoff Wins : 46 - Blocked Shots : 14 - Penalty Minutes : 6

Official

Referees : Corey Syvret and Michael Markovic
Linesman : Travis Gawryletz and Jaime Alary

Game Notes

No Game Note

Finance

Level 1 -- Attendance: 5575 (92,92%) -- Ticket Income 657 850 $
Level 2 -- Attendance: 4678 (93,56%) -- Ticket Income 350 850 $
Level 3 -- Attendance: 3311 (94,60%) -- Ticket Income 158 928 $
Level 4 -- Attendance: 3133 (98,52%) -- Ticket Income 93 990 $
Luxury Box -- Attendance: 1000 (100,00%) -- Ticket Income 211 000 $
Game was played at the TD Garden.
Total Attendance: 17697 (94,74%)
Total Ticket Income: 1 472 618 $
Other Income: 721 583 $
Total Income: 2 194 201 $

% Time on Ice - Lightning

Lines # - Real PCT - Wanted PCT - Time Play
Normal Forward
1 - 36% - 40% - 16:22
2 - 31% - 30% - 14:03
3 - 26% - 20% - 11:38
4 - 7% - 10% - 3:12
Normal Defense
1 - 32% - 40% - 14:25
2 - 31% - 30% - 13:53
3 - 29% - 20% - 13:15
4 - 8% - 10% - 3:42
PP Forward
1 - 39% - 60% - 1:32
2 - 61% - 40% - 2:26
PP Defense
1 - 39% - 60% - 1:32
2 - 61% - 40% - 2:26
PK Forward
1 - 74% - 60% - 5:39
2 - 26% - 40% - 2:02
PK Defense
1 - 50% - 60% - 3:50
2 - 50% - 40% - 3:51
PK3 Forward
1 - 73% - 60% - 0:49
2 - 27% - 40% - 0:18
PK3 Defense
1 - 73% - 60% - 0:49
2 - 27% - 40% - 0:18
44 Forward
1 - 96% - 60% - 1:54
2 - 4% - 40% - 0:05
44 Defense
1 - 54% - 60% - 1:04
2 - 46% - 40% - 0:55
Last Minute Offensive  - 0:00
Last Minute Defensive  - 0:00
Total
Forward - 60:00
Defense - 60:00

% Time on Ice - Bruins

Lines # - Real PCT - Wanted PCT - Time Play
Normal Forward
1 - 36% - 40% - 16:06
2 - 31% - 30% - 14:14
3 - 23% - 20% - 10:16
4 - 10% - 10% - 4:39
Normal Defense
1 - 35% - 40% - 15:47
2 - 32% - 30% - 14:30
3 - 22% - 20% - 10:00
4 - 11% - 10% - 4:58
PP Forward
1 - 52% - 52% - 4:33
2 - 48% - 48% - 4:15
PP Defense
1 - 56% - 60% - 4:57
2 - 44% - 40% - 3:51
PK Forward
1 - 70% - 60% - 2:46
2 - 30% - 40% - 1:12
PK Defense
1 - 51% - 60% - 2:01
2 - 49% - 40% - 1:57
PK3 Forward
1 - 0% - 60%
2 - 0% - 40%
PK3 Defense
1 - 0% - 60%
2 - 0% - 40%
44 Forward
1 - 75% - 60% - 1:29
2 - 25% - 40% - 0:30
44 Defense
1 - 75% - 60% - 1:29
2 - 25% - 40% - 0:30
Last Minute Offensive  - 0:00
Last Minute Defensive  - 0:00
Total
Forward - 60:00
Defense - 60:00

Play-by-Play

1st period


0:01 of 1st period - Patrice Bergeron wins face-off versus Jayson Megna in neutral zone.
0:36 of 1st period - Shot by Logan Couture.
0:36 of 1st period - Stopped by Tristan Jarry without a rebound.
0:37 of 1st period - Bo Horvat wins face-off versus Radek Faksa in Bruins zone.
0:38 of 1st period - Shot by Zack Kassian.
0:38 of 1st period - Shot Misses the Net.
0:40 of 1st period - Shot by Alex Killorn.
0:40 of 1st period - Stopped by Tristan Jarry without a rebound.
0:41 of 1st period - Alex Killorn wins face-off versus Radek Faksa in Bruins zone.
0:55 of 1st period - Icing by Jonathon Merrill.
0:56 of 1st period - Travis Zajac wins face-off versus Radek Faksa in Bruins zone.
0:59 of 1st period - Shot by Jeff Skinner.
0:59 of 1st period - Shot Misses the Net.
1:05 of 1st period - Shot by Travis Zajac.
1:05 of 1st period - Shot Misses the Net.
1:15 of 1st period - Shot by Antoine Roussel.
1:15 of 1st period - Shot Misses the Net.
1:27 of 1st period - Icing by Markus Nutivaara.
1:28 of 1st period - Frederik Gauthier wins face-off versus Radek Faksa in Bruins zone.
1:49 of 1st period - Shot by Patrice Bergeron.
1:49 of 1st period - Deflect By Joonas Donskoi.
1:49 of 1st period - Stopped by Tristan Jarry without a rebound.
1:50 of 1st period - Bo Horvat wins face-off versus Adam Henrique in Bruins zone.
1:51 of 1st period - Shot by Alex Killorn.
1:51 of 1st period - Shot Misses the Net.
2:01 of 1st period - Shot by Brendan Lemieux.
2:01 of 1st period - Stopped by Elvis Merzlikins with a rebound.
2:03 of 1st period - Shot by Carl Hagelin.
2:03 of 1st period - Shot Misses the Net.
2:15 of 1st period - Shot by Adam Henrique.
2:15 of 1st period - Deflect By Brendan Lemieux.
2:15 of 1st period - Stopped by Elvis Merzlikins with a rebound.
2:17 of 1st period - Shot by Brett Pesce.
2:17 of 1st period - Shot Misses the Net.
2:19 of 1st period - Shot by Carl Hagelin.
2:19 of 1st period - Shot Misses the Net.
2:21 of 1st period - Shot by Adam Henrique.
2:21 of 1st period - Shot Misses the Net.
2:23 of 1st period - Shot by Brendan Lemieux.
2:23 of 1st period - Goal by Brendan Lemieux - Lightning : 0 - Bruins : 1.
2:24 of 1st period - Patrice Bergeron wins face-off versus Tyler Bertuzzi in neutral zone.
2:45 of 1st period - Shot by Tyler Bertuzzi.
2:45 of 1st period - Shot Misses the Net.
2:47 of 1st period - Shot by Alex Iafallo.
2:47 of 1st period - Deflect By Tyler Bertuzzi.
2:47 of 1st period - Stopped by Elvis Merzlikins without a rebound.
2:48 of 1st period - Radek Faksa wins face-off versus Travis Zajac in Lightning zone.
3:01 of 1st period - Shot by Radek Faksa.
3:01 of 1st period - Shot Blocked by Zach Bogosian.
3:17 of 1st period - Shot by Jeff Skinner.
3:17 of 1st period - Stopped by Tristan Jarry without a rebound.
3:18 of 1st period - Vladimir Sobotka wins face-off versus Patrice Bergeron in Bruins zone.
3:40 of 1st period - Shot by Logan Couture.
3:40 of 1st period - Shot Blocked by Jordan Oesterle.
3:42 of 1st period - Shot by Logan Couture.
3:42 of 1st period - Deflect By Patrice Bergeron.
3:42 of 1st period - Shot Misses the Net.
3:58 of 1st period - Shot by Patrice Bergeron.
3:58 of 1st period - Stopped by Tristan Jarry without a rebound.
3:59 of 1st period - Jayson Megna wins face-off versus Bo Horvat in Bruins zone.
4:08 of 1st period - Shot by Tyler Bertuzzi.
4:08 of 1st period - Shot Blocked by Alex Killorn.
4:10 of 1st period - Shot by Jayson Megna.
4:10 of 1st period - Shot Blocked by Zack Kassian.
4:12 of 1st period - Shot by Tyler Bertuzzi.
4:12 of 1st period - Shot Misses the Net.
4:30 of 1st period - Shot by Tyler Bertuzzi.
4:30 of 1st period - Shot Blocked by Alex Killorn.
4:54 of 1st period - Shot by Antoine Roussel.
4:54 of 1st period - Stopped by Elvis Merzlikins with a rebound.
4:56 of 1st period - Shot by Radek Faksa.
4:56 of 1st period - Stopped by Elvis Merzlikins with a rebound.
4:58 of 1st period - Shot by Radek Faksa.
4:58 of 1st period - Stopped by Elvis Merzlikins without a rebound.
4:59 of 1st period - Brendan Lemieux wins face-off versus Patrice Bergeron in Lightning zone.
5:10 of 1st period - Shot by Adam Henrique.
5:10 of 1st period - Stopped by Elvis Merzlikins with a rebound.
5:14 of 1st period - Shot by Adam Henrique.
5:14 of 1st period - Stopped by Elvis Merzlikins without a rebound.
5:15 of 1st period - Radek Faksa wins face-off versus Travis Zajac in Lightning zone.
5:30 of 1st period - Luca Sbisa is hit by Radek Faksa and loses puck.
5:42 of 1st period - Off-side.
5:43 of 1st period - Jayson Megna wins face-off versus Patrice Bergeron in neutral zone.
5:43 of 1st period - Tyler Bertuzzi is hit by Jeff Carter and loses puck.
5:48 of 1st period - Shot by Logan Couture.
5:48 of 1st period - Shot Blocked by Jordan Oesterle.
5:50 of 1st period - Shot by Kevin Shattenkirk.
5:50 of 1st period - Deflect By Patrice Bergeron.
5:50 of 1st period - Stopped by Tristan Jarry with a rebound.
5:52 of 1st period - Shot by Alexander Edler.
5:52 of 1st period - Shot Misses the Net.
5:54 of 1st period - Shot by Patrice Bergeron.
5:54 of 1st period - Stopped by Tristan Jarry without a rebound.
5:55 of 1st period - Frederik Gauthier wins face-off versus Adam Henrique in Bruins zone.
6:00 of 1st period - Shot by Patrice Bergeron.
6:00 of 1st period - Stopped by Tristan Jarry without a rebound.
6:01 of 1st period - Patrice Bergeron wins face-off versus Jayson Megna in Bruins zone.
6:04 of 1st period - Shot by Jeff Carter.
6:04 of 1st period - Stopped by Tristan Jarry with a rebound.
6:14 of 1st period - Shot by Patrice Bergeron.
6:14 of 1st period - Stopped by Tristan Jarry without a rebound.
6:15 of 1st period - Adam Henrique wins face-off versus Bo Horvat in Bruins zone.
6:52 of 1st period - Shot by Bo Horvat.
6:52 of 1st period - Shot Blocked by Jonathon Merrill.
6:55 of 1st period - Icing by Jonathon Merrill.
6:56 of 1st period - Brendan Lemieux wins face-off versus Patrice Bergeron in Bruins zone.
6:56 of 1st period - Carl Hagelin is hit by Jeff Carter and loses puck.
7:12 of 1st period - Logan Couture is hit by Jonathon Merrill and loses puck.
7:35 of 1st period - Shot by Logan Couture.
7:35 of 1st period - Goal by Logan Couture - Lightning : 1 - Bruins : 1.
7:36 of 1st period - Jayson Megna wins face-off versus Travis Zajac in neutral zone.
8:34 of 1st period - Icing by Brian Dumoulin.
8:35 of 1st period - Frederik Gauthier wins face-off versus Radek Faksa in Bruins zone.
8:38 of 1st period - Shot by Patrice Bergeron.
8:38 of 1st period - Shot Misses the Net.
9:06 of 1st period - Shot by Patrice Bergeron.
9:06 of 1st period - Goal by Patrice Bergeron - Lightning : 2 - Bruins : 1.
9:07 of 1st period - Bo Horvat wins face-off versus Vladimir Sobotka in neutral zone.
10:03 of 1st period - Shot by Patrice Bergeron.
10:03 of 1st period - Deflect By Logan Couture.
10:03 of 1st period - Stopped by Tristan Jarry without a rebound.
10:04 of 1st period - Patrice Bergeron wins face-off versus Tanner Fritz in Bruins zone.
10:04 of 1st period - Patrice Bergeron is hit by Brett Pesce.
10:14 of 1st period - Radek Faksa is hit by Logan Couture.
11:04 of 1st period - Jeff Carter is hit by Jayson Megna and loses puck.
11:13 of 1st period - Shot by Tyler Bertuzzi.
11:13 of 1st period - Shot Misses the Net.
11:19 of 1st period - Shot by Alex Iafallo.
11:19 of 1st period - Stopped by Elvis Merzlikins without a rebound.
11:20 of 1st period - Adam Henrique wins face-off versus Travis Zajac in Lightning zone.
12:59 of 1st period - Shot by Tanner Fritz.
12:59 of 1st period - Stopped by Elvis Merzlikins with a rebound.
13:01 of 1st period - Shot by Radek Faksa.
13:01 of 1st period - Shot Misses the Net.
13:03 of 1st period - Shot by Radek Faksa.
13:03 of 1st period - Deflect By Antoine Roussel.
13:03 of 1st period - Stopped by Elvis Merzlikins without a rebound.
13:04 of 1st period - Frederik Gauthier wins face-off versus Vladimir Sobotka in Lightning zone.
14:42 of 1st period - Shot by Zack Kassian.
14:42 of 1st period - Shot Blocked by Brett Pesce.
14:44 of 1st period - Shot by Bo Horvat.
14:44 of 1st period - Stopped by Tristan Jarry without a rebound.
14:45 of 1st period - Travis Zajac wins face-off versus Adam Henrique in Bruins zone.
14:46 of 1st period - Shot by Pierre-Edouard Bellemare.
14:46 of 1st period - Stopped by Tristan Jarry without a rebound.
14:47 of 1st period - Pierre-Edouard Bellemare wins face-off versus Jayson Megna in Bruins zone.
14:56 of 1st period - Off-side.
14:57 of 1st period - Travis Zajac wins face-off versus Adam Henrique in neutral zone.
15:03 of 1st period - Pierre-Edouard Bellemare is hit by Jordan Oesterle and loses puck.
15:12 of 1st period - Brendan Lemieux is hit by Jeff Skinner and loses puck.
15:19 of 1st period - Shot by Travis Zajac.
15:19 of 1st period - Shot Misses the Net.
15:21 of 1st period - Shot by Erik Gudbranson.
15:21 of 1st period - Shot Misses the Net.
15:23 of 1st period - Shot by Travis Zajac.
15:23 of 1st period - Stopped by Tristan Jarry without a rebound.
15:24 of 1st period - Alex Killorn wins face-off versus Jayson Megna in Bruins zone.
15:35 of 1st period - Shot by Alex Killorn.
15:35 of 1st period - Stopped by Tristan Jarry without a rebound.
15:36 of 1st period - Patrice Bergeron wins face-off versus Radek Faksa in Bruins zone.
15:37 of 1st period - Shot by Jeff Carter.
15:37 of 1st period - Stopped by Tristan Jarry without a rebound.
15:38 of 1st period - Jayson Megna wins face-off versus Patrice Bergeron in Bruins zone.
15:44 of 1st period - Jordan Oesterle is hit by Patrice Bergeron and loses puck.
15:48 of 1st period - Jordan Oesterle is hit by Kevin Shattenkirk.
15:53 of 1st period - Icing by Logan Couture.
15:54 of 1st period - Patrice Bergeron wins face-off versus Radek Faksa in Lightning zone.
15:54 of 1st period - Patrice Bergeron is hit by Antoine Roussel.
16:18 of 1st period - Shot by Logan Couture.
16:18 of 1st period - Stopped by Tristan Jarry without a rebound.
16:19 of 1st period - Bo Horvat wins face-off versus Jayson Megna in Bruins zone.
16:20 of 1st period - Shot by Erik Gudbranson.
16:20 of 1st period - Shot Misses the Net.
16:22 of 1st period - Shot by Alex Killorn.
16:22 of 1st period - Stopped by Tristan Jarry without a rebound.
16:23 of 1st period - Jayson Megna wins face-off versus Bo Horvat in Bruins zone.
16:23 of 1st period - Jayson Megna is hit by Zack Kassian.
16:36 of 1st period - Off-side.
16:37 of 1st period - Vladimir Sobotka wins face-off versus Patrice Bergeron in neutral zone.
16:40 of 1st period - Shot by Vladimir Sobotka.
16:40 of 1st period - Shot Misses the Net.
16:51 of 1st period - Icing by Brett Pesce.
16:52 of 1st period - Vladimir Sobotka wins face-off versus Bo Horvat in Bruins zone.
16:52 of 1st period - Brett Pesce is hit by Zack Kassian and loses puck.
17:19 of 1st period - Shot by Carl Hagelin.
17:19 of 1st period - Shot Misses the Net.
17:24 of 1st period - Minor Penalty to Erik Gudbranson for Hooking.
17:25 of 1st period - Jayson Megna wins face-off versus Pierre-Edouard Bellemare in Lightning zone.
18:32 of 1st period - Shot by Brian Dumoulin.
18:32 of 1st period - Shot Blocked by Luca Sbisa.
19:09 of 1st period - Shot by Tyler Bertuzzi.
19:09 of 1st period - Shot Misses the Net.
19:37 of 1st period - Shot by Patrice Bergeron.
19:37 of 1st period - Stopped by Tristan Jarry without a rebound.
19:38 of 1st period - Carl Hagelin wins face-off versus Patrice Bergeron in Bruins zone.
Goals for this period are 2 for Lightning vs 1 for Bruins.
Shots for this period are 21 for Lightning vs 12 for Bruins.

2nd period


0:01 of 2nd period - Patrice Bergeron wins face-off versus Jayson Megna in neutral zone.
0:12 of 2nd period - Shot by Tyler Bertuzzi.
0:12 of 2nd period - Stopped by Elvis Merzlikins with a rebound.
0:30 of 2nd period - Shot by Alex Iafallo.
0:30 of 2nd period - Stopped by Elvis Merzlikins without a rebound.
0:31 of 2nd period - Radek Faksa wins face-off versus Bo Horvat in Lightning zone.
1:00 of 2nd period - Shot by Bo Horvat.
1:00 of 2nd period - Shot Blocked by Markus Nutivaara.
1:02 of 2nd period - Shot by Alex Killorn.
1:02 of 2nd period - Stopped by Tristan Jarry without a rebound.
1:03 of 2nd period - Jayson Megna wins face-off versus Patrice Bergeron in Bruins zone.
1:10 of 2nd period - Brett Pesce is hit by Logan Couture and loses puck.
1:25 of 2nd period - Brian Dumoulin is hit by Jeff Carter and loses puck.
1:47 of 2nd period - Minor Penalty to Travis Zajac for Interference.
1:48 of 2nd period - Radek Faksa wins face-off versus Pierre-Edouard Bellemare in Lightning zone.
2:09 of 2nd period - Shot by Alex Killorn.
2:09 of 2nd period - Stopped by Tristan Jarry with a rebound.
2:11 of 2nd period - Shot by Alex Killorn.
2:11 of 2nd period - Shot Blocked by Jordan Oesterle.
2:13 of 2nd period - Shot by Jason Demers.
2:13 of 2nd period - Stopped by Tristan Jarry without a rebound.
2:14 of 2nd period - Pierre-Edouard Bellemare wins face-off versus Jayson Megna in Bruins zone.
2:41 of 2nd period - Shot by Tyler Bertuzzi.
2:41 of 2nd period - Shot Misses the Net.
2:43 of 2nd period - Shot by Brian Dumoulin.
2:43 of 2nd period - Stopped by Elvis Merzlikins without a rebound.
2:44 of 2nd period - Radek Faksa wins face-off versus Pierre-Edouard Bellemare in Lightning zone.
3:31 of 2nd period - Shot by Tyler Bertuzzi.
3:31 of 2nd period - Shot Misses the Net.
3:35 of 2nd period - Shot by Brian Dumoulin.
3:35 of 2nd period - Shot Misses the Net.
3:37 of 2nd period - Shot by Jayson Megna.
3:37 of 2nd period - Shot Misses the Net.
3:57 of 2nd period - Shot by Patrice Bergeron.
3:57 of 2nd period - Deflect By Logan Couture.
3:57 of 2nd period - Stopped by Tristan Jarry without a rebound.
3:58 of 2nd period - Adam Henrique wins face-off versus Patrice Bergeron in Bruins zone.
3:58 of 2nd period - Adam Henrique is hit by Logan Couture.
4:02 of 2nd period - Minor Penalty to Jan Rutta for Hooking.
4:02 of 2nd period - Minor Penalty to Patrice Bergeron for Tripping.
4:03 of 2nd period - Jayson Megna wins face-off versus Travis Zajac in Bruins zone.
4:38 of 2nd period - Brendan Lemieux is hit by Bo Horvat and loses puck.
5:19 of 2nd period - Shot by Jeff Skinner.
5:19 of 2nd period - Shot Blocked by Jordan Oesterle.
5:21 of 2nd period - Shot by Erik Gudbranson.
5:21 of 2nd period - Stopped by Tristan Jarry without a rebound.
5:22 of 2nd period - Marcus Sorensen wins face-off versus Pierre-Edouard Bellemare in Bruins zone.
5:29 of 2nd period - Shot by Brendan Lemieux.
5:29 of 2nd period - Shot Misses the Net.
5:44 of 2nd period - Jason Demers is hit by Michael Stone.
6:02 of 2nd period - Shot by Logan Couture.
6:02 of 2nd period - Stopped by Tristan Jarry with a rebound.
6:04 of 2nd period - Shot by Frederik Gauthier.
6:04 of 2nd period - Stopped by Tristan Jarry without a rebound.
6:05 of 2nd period - Patrice Bergeron wins face-off versus Radek Faksa in Bruins zone.
6:09 of 2nd period - Icing by Markus Nutivaara.
6:10 of 2nd period - Radek Faksa wins face-off versus Patrice Bergeron in Bruins zone.
6:57 of 2nd period - Patrice Bergeron is hit by Tyler Bertuzzi and loses puck.
7:27 of 2nd period - Shot by Alex Iafallo.
7:27 of 2nd period - Shot Blocked by Zach Bogosian.
7:33 of 2nd period - Shot by Alex Iafallo.
7:33 of 2nd period - Stopped by Elvis Merzlikins without a rebound.
7:34 of 2nd period - Travis Zajac wins face-off versus Vladimir Sobotka in Lightning zone.
7:36 of 2nd period - Icing by Jeff Skinner.
7:37 of 2nd period - Travis Zajac wins face-off versus Vladimir Sobotka in Lightning zone.
7:50 of 2nd period - Icing by Kevin Shattenkirk.
7:51 of 2nd period - Travis Zajac wins face-off versus Radek Faksa in Lightning zone.
7:51 of 2nd period - Alexander Edler is hit by Tanner Fritz and loses puck.
8:03 of 2nd period - Icing by Jonathon Merrill.
8:04 of 2nd period - Bo Horvat wins face-off versus Radek Faksa in Bruins zone.
8:07 of 2nd period - Shot by Bo Horvat.
8:07 of 2nd period - Stopped by Tristan Jarry without a rebound.
8:08 of 2nd period - Bo Horvat wins face-off versus Jayson Megna in Bruins zone.
8:15 of 2nd period - Shot by Bo Horvat.
8:15 of 2nd period - Shot Blocked by Jordan Oesterle.
8:17 of 2nd period - Shot by Alex Killorn.
8:17 of 2nd period - Shot Misses the Net.
8:19 of 2nd period - Shot by Kevin Shattenkirk.
8:19 of 2nd period - Shot Misses the Net.
8:21 of 2nd period - Shot by Alex Killorn.
8:21 of 2nd period - Shot Misses the Net.
8:23 of 2nd period - Shot by Bo Horvat.
8:23 of 2nd period - Shot Misses the Net.
8:58 of 2nd period - Jordan Oesterle is hit by Travis Zajac and loses puck.
9:05 of 2nd period - Icing by Travis Zajac.
9:06 of 2nd period - Travis Zajac wins face-off versus Radek Faksa in Lightning zone.
9:06 of 2nd period - Travis Zajac is hit by Antoine Roussel.
9:25 of 2nd period - Minor Penalty to Jonathon Merrill for Holding.
9:26 of 2nd period - Patrice Bergeron wins face-off versus Vladimir Sobotka in Bruins zone.
9:43 of 2nd period - Shot by Logan Couture.
9:43 of 2nd period - Shot Misses the Net.
9:51 of 2nd period - Shot by Jeff Carter.
9:51 of 2nd period - Shot Blocked by Markus Nutivaara.
10:16 of 2nd period - Shot by Zack Kassian.
10:16 of 2nd period - Stopped by Tristan Jarry without a rebound.
10:17 of 2nd period - Bo Horvat wins face-off versus Adam Henrique in Bruins zone.
10:22 of 2nd period - Shot by Alex Killorn.
10:22 of 2nd period - Shot Misses the Net.
10:24 of 2nd period - Shot by Erik Gudbranson.
10:24 of 2nd period - Shot Blocked by Brian Dumoulin.
10:26 of 2nd period - Shot by Alex Killorn.
10:26 of 2nd period - Shot Misses the Net.
10:28 of 2nd period - Shot by Bo Horvat.
10:28 of 2nd period - Stopped by Tristan Jarry without a rebound.
10:29 of 2nd period - Adam Henrique wins face-off versus Bo Horvat in Bruins zone.
11:28 of 2nd period - Off-side.
11:29 of 2nd period - Patrice Bergeron wins face-off versus Adam Henrique in neutral zone.
11:32 of 2nd period - Shot by Logan Couture.
11:32 of 2nd period - Stopped by Tristan Jarry without a rebound.
11:33 of 2nd period - Patrice Bergeron wins face-off versus Carl Hagelin in Bruins zone.
11:37 of 2nd period - Logan Couture is hit by Michael Stone and loses puck.
12:10 of 2nd period - Shot by Logan Couture.
12:10 of 2nd period - Shot Misses the Net.
12:13 of 2nd period - Icing by Michael Stone.
12:14 of 2nd period - Travis Zajac wins face-off versus Adam Henrique in Bruins zone.
12:17 of 2nd period - Shot by Pierre-Edouard Bellemare.
12:17 of 2nd period - Shot Misses the Net.
12:19 of 2nd period - Shot by Travis Zajac.
12:19 of 2nd period - Shot Hit the Post.
12:21 of 2nd period - Shot by Travis Zajac.
12:21 of 2nd period - Shot Misses the Net.
12:49 of 2nd period - Shot by Jeff Skinner.
12:49 of 2nd period - Shot Blocked by Alex Iafallo.
12:51 of 2nd period - Shot by Pierre-Edouard Bellemare.
12:51 of 2nd period - Stopped by Tristan Jarry without a rebound.
12:52 of 2nd period - Bo Horvat wins face-off versus Radek Faksa in Bruins zone.
12:56 of 2nd period - Bo Horvat is hit by Brian Dumoulin and loses puck.
13:48 of 2nd period - Icing by Markus Nutivaara.
13:49 of 2nd period - Patrice Bergeron wins face-off versus Jayson Megna in Bruins zone.
13:50 of 2nd period - Shot by Logan Couture.
13:50 of 2nd period - Stopped by Tristan Jarry without a rebound.
13:51 of 2nd period - Patrice Bergeron wins face-off versus Jayson Megna in Bruins zone.
14:12 of 2nd period - Alexander Edler is hit by Tyler Bertuzzi and loses puck.
14:18 of 2nd period - Off-side.
14:19 of 2nd period - Carl Hagelin wins face-off versus Travis Zajac in neutral zone.
14:56 of 2nd period - Shot by Brendan Lemieux.
14:56 of 2nd period - Shot Misses the Net.
15:08 of 2nd period - Travis Zajac is hit by Antoine Roussel and loses puck.
15:25 of 2nd period - Shot by Antoine Roussel.
15:25 of 2nd period - Shot Blocked by Travis Zajac.
15:27 of 2nd period - Shot by Brett Pesce.
15:27 of 2nd period - Shot Misses the Net.
15:37 of 2nd period - Shot by Tanner Fritz.
15:37 of 2nd period - Stopped by Elvis Merzlikins with a rebound.
16:14 of 2nd period - Minor Penalty to Michael Stone for High sticking.
16:15 of 2nd period - Bo Horvat wins face-off versus Vladimir Sobotka in Bruins zone.
16:42 of 2nd period - Shot by Zack Kassian.
16:42 of 2nd period - Stopped by Tristan Jarry without a rebound.
16:43 of 2nd period - Patrice Bergeron wins face-off versus Carl Hagelin in Bruins zone.
16:58 of 2nd period - Shot by Logan Couture.
16:58 of 2nd period - Shot Misses the Net.
18:02 of 2nd period - Shot by Jason Demers.
18:02 of 2nd period - Shot Misses the Net.
18:27 of 2nd period - Shot by Jordan Oesterle.
18:27 of 2nd period - Shot Blocked by Alexander Edler.
18:29 of 2nd period - Shot by Tanner Fritz.
18:29 of 2nd period - Deflect By Antoine Roussel.
18:29 of 2nd period - Shot Blocked by Alexander Edler.
18:37 of 2nd period - Shot by Patrice Bergeron.
18:37 of 2nd period - Shot Misses the Net.
18:39 of 2nd period - Shot by Alexander Edler.
18:39 of 2nd period - Shot Misses the Net.
18:42 of 2nd period - Minor Penalty to Frederik Gauthier for Tripping.
18:43 of 2nd period - Jayson Megna wins face-off versus Pierre-Edouard Bellemare in Lightning zone.
18:51 of 2nd period - Icing by Jayson Megna.
18:52 of 2nd period - Pierre-Edouard Bellemare wins face-off versus Jayson Megna in Bruins zone.
19:17 of 2nd period - Shot by Tyler Bertuzzi.
19:17 of 2nd period - Shot Blocked by Kevin Shattenkirk.
19:19 of 2nd period - Shot by Tyler Bertuzzi.
19:19 of 2nd period - Stopped by Elvis Merzlikins with a rebound.
19:21 of 2nd period - Shot by Jayson Megna.
19:21 of 2nd period - Shot Misses the Net.
19:43 of 2nd period - Shot by Alex Iafallo.
19:43 of 2nd period - Stopped by Elvis Merzlikins with a rebound.
19:49 of 2nd period - Shot by Jordan Oesterle.
19:49 of 2nd period - Stopped by Elvis Merzlikins without a rebound.
19:50 of 2nd period - Radek Faksa wins face-off versus Travis Zajac in Lightning zone.
Goals for this period are 0 for Lightning vs 0 for Bruins.
Shots for this period are 14 for Lightning vs 8 for Bruins.

3rd period


0:01 of 3rd period - Radek Faksa wins face-off versus Pierre-Edouard Bellemare in neutral zone.
0:14 of 3rd period - Shot by Marcus Sorensen.
0:14 of 3rd period - Shot Misses the Net.
0:30 of 3rd period - Shot by Alex Iafallo.
0:30 of 3rd period - Shot Misses the Net.
0:48 of 3rd period - Shot by Adam Henrique.
0:48 of 3rd period - Shot Hit the Post.
1:09 of 3rd period - Shot by Carl Hagelin.
1:09 of 3rd period - Shot Misses the Net.
1:11 of 3rd period - Shot by Brendan Lemieux.
1:11 of 3rd period - Shot Blocked by Luca Sbisa.
1:13 of 3rd period - Shot by Carl Hagelin.
1:13 of 3rd period - Shot Blocked by Jeff Carter.
1:15 of 3rd period - Shot by Jonathon Merrill.
1:15 of 3rd period - Shot Blocked by Luca Sbisa.
1:52 of 3rd period - Tyler Bertuzzi is hit by Alexander Edler and loses puck.
2:21 of 3rd period - Shot by Antoine Roussel.
2:21 of 3rd period - Stopped by Elvis Merzlikins without a rebound.
2:22 of 3rd period - Vladimir Sobotka wins face-off versus Travis Zajac in Lightning zone.
2:29 of 3rd period - Shot by Travis Zajac.
2:29 of 3rd period - Stopped by Tristan Jarry without a rebound.
2:30 of 3rd period - Travis Zajac wins face-off versus Radek Faksa in Bruins zone.
2:31 of 3rd period - Shot by Jeff Skinner.
2:31 of 3rd period - Shot Blocked by Radek Faksa.
2:33 of 3rd period - Shot by Travis Zajac.
2:33 of 3rd period - Stopped by Tristan Jarry without a rebound.
2:34 of 3rd period - Patrice Bergeron wins face-off versus Radek Faksa in Bruins zone.
2:36 of 3rd period - Logan Couture is hit by Michael Stone.
2:46 of 3rd period - Shot by Jason Demers.
2:46 of 3rd period - Shot Hit the Post.
3:03 of 3rd period - Shot by Tanner Fritz.
3:03 of 3rd period - Shot Misses the Net.
3:05 of 3rd period - Shot by Radek Faksa.
3:05 of 3rd period - Goal by Radek Faksa - Lightning : 2 - Bruins : 2.
3:06 of 3rd period - Adam Henrique wins face-off versus Alex Killorn in neutral zone.
3:09 of 3rd period - Shot by Carl Hagelin.
3:09 of 3rd period - Shot Misses the Net.
3:26 of 3rd period - Icing by Carl Hagelin.
3:27 of 3rd period - Travis Zajac wins face-off versus Adam Henrique in Bruins zone.
4:20 of 3rd period - Shot by Jayson Megna.
4:20 of 3rd period - Shot Blocked by Travis Zajac.
4:38 of 3rd period - Shot by Patrice Bergeron.
4:38 of 3rd period - Shot Misses the Net.
4:40 of 3rd period - Shot by Logan Couture.
4:40 of 3rd period - Shot Misses the Net.
4:46 of 3rd period - Shot by Patrice Bergeron.
4:46 of 3rd period - Shot Misses the Net.
4:58 of 3rd period - Jeff Carter is hit by Tyler Bertuzzi.
5:13 of 3rd period - Jeff Carter is hit by Tanner Fritz and loses puck.
5:38 of 3rd period - Shot by Antoine Roussel.
5:38 of 3rd period - Shot Misses the Net.
5:54 of 3rd period - Bo Horvat is hit by Radek Faksa and loses puck.
6:17 of 3rd period - Shot by Marcus Sorensen.
6:17 of 3rd period - Stopped by Elvis Merzlikins without a rebound.
6:17 of 3rd period - Minor Penalty to Jason Demers for Holding.
6:18 of 3rd period - Adam Henrique wins face-off versus Pierre-Edouard Bellemare in Lightning zone.
6:19 of 3rd period - Shot by Alex Iafallo.
6:19 of 3rd period - Shot Misses the Net.
6:23 of 3rd period - Shot by Brian Dumoulin.
6:23 of 3rd period - Stopped by Elvis Merzlikins without a rebound.
6:24 of 3rd period - Jayson Megna wins face-off versus Pierre-Edouard Bellemare in Lightning zone.
6:31 of 3rd period - Shot by Tanner Fritz.
6:31 of 3rd period - Shot Blocked by Alexander Edler.
6:33 of 3rd period - Shot by Tyler Bertuzzi.
6:33 of 3rd period - Stopped by Elvis Merzlikins without a rebound.
6:34 of 3rd period - Pierre-Edouard Bellemare wins face-off versus Radek Faksa in Lightning zone.
6:34 of 3rd period - Pierre-Edouard Bellemare is hit by Radek Faksa.
6:48 of 3rd period - Shot by Alex Iafallo.
6:48 of 3rd period - Stopped by Elvis Merzlikins without a rebound.
6:49 of 3rd period - Jayson Megna wins face-off versus Pierre-Edouard Bellemare in Lightning zone.
7:09 of 3rd period - Minor Penalty to Erik Gudbranson for Roughing.
7:10 of 3rd period - Radek Faksa wins face-off versus Travis Zajac in Lightning zone.
8:06 of 3rd period - Pierre-Edouard Bellemare is hit by Jayson Megna and loses puck.
8:21 of 3rd period - Shot by Tyler Bertuzzi.
8:21 of 3rd period - Shot Misses the Net.
8:23 of 3rd period - Shot by Jordan Oesterle.
8:23 of 3rd period - Stopped by Elvis Merzlikins without a rebound.
8:24 of 3rd period - Pierre-Edouard Bellemare wins face-off versus Radek Faksa in Lightning zone.
8:53 of 3rd period - Shot by Alex Iafallo.
8:53 of 3rd period - Shot Misses the Net.
9:25 of 3rd period - Shot by Jeff Carter.
9:25 of 3rd period - Shot Misses the Net.
9:27 of 3rd period - Shot by Trevor Daley.
9:27 of 3rd period - Shot Blocked by Brendan Lemieux.
9:53 of 3rd period - Brett Pesce is hit by Erik Gudbranson and loses puck.
10:16 of 3rd period - Shot by Jayson Megna.
10:16 of 3rd period - Stopped by Elvis Merzlikins without a rebound.
10:17 of 3rd period - Radek Faksa wins face-off versus Travis Zajac in Lightning zone.
10:34 of 3rd period - Shot by Tanner Fritz.
10:34 of 3rd period - Shot Misses the Net.
10:46 of 3rd period - Shot by Radek Faksa.
10:46 of 3rd period - Shot Blocked by Zach Bogosian.
11:26 of 3rd period - Shot by Patrice Bergeron.
11:26 of 3rd period - Deflect By Logan Couture.
11:26 of 3rd period - Stopped by Tristan Jarry without a rebound.
11:27 of 3rd period - Jayson Megna wins face-off versus Bo Horvat in Bruins zone.
11:27 of 3rd period - Jayson Megna is hit by Zack Kassian.
11:37 of 3rd period - Shot by Alex Iafallo.
11:37 of 3rd period - Shot Misses the Net.
13:11 of 3rd period - Alex Killorn is hit by Brian Dumoulin and loses puck.
13:22 of 3rd period - Zack Kassian is hit by Carl Hagelin.
13:46 of 3rd period - Shot by Jayson Megna.
13:46 of 3rd period - Stopped by Elvis Merzlikins without a rebound.
13:47 of 3rd period - Logan Couture wins face-off versus Radek Faksa in Lightning zone.
14:13 of 3rd period - Alexander Edler is hit by Tanner Fritz and loses puck.
15:59 of 3rd period - Shot by Patrice Bergeron.
15:59 of 3rd period - Stopped by Tristan Jarry without a rebound.
16:00 of 3rd period - Tyler Bertuzzi wins face-off versus Patrice Bergeron in Bruins zone.
16:09 of 3rd period - Shot by Jayson Megna.
16:09 of 3rd period - Stopped by Elvis Merzlikins without a rebound.
16:10 of 3rd period - Jayson Megna wins face-off versus Patrice Bergeron in Lightning zone.
16:41 of 3rd period - Shot by Tyler Bertuzzi.
16:41 of 3rd period - Shot Blocked by Alexander Edler.
16:43 of 3rd period - Shot by Jayson Megna.
16:43 of 3rd period - Stopped by Elvis Merzlikins without a rebound.
16:44 of 3rd period - Radek Faksa wins face-off versus Travis Zajac in Lightning zone.
17:41 of 3rd period - Brian Dumoulin is hit by Zack Kassian and loses puck.
18:02 of 3rd period - Icing by Carl Hagelin.
18:03 of 3rd period - Adam Henrique wins face-off versus Patrice Bergeron in Bruins zone.
18:15 of 3rd period - Shot by Patrice Bergeron.
18:15 of 3rd period - Stopped by Tristan Jarry without a rebound.
18:16 of 3rd period - Frederik Gauthier wins face-off versus Jayson Megna in Bruins zone.
18:20 of 3rd period - Icing by Markus Nutivaara.
18:21 of 3rd period - Bo Horvat wins face-off versus Jayson Megna in Bruins zone.
18:24 of 3rd period - Shot by Zack Kassian.
18:24 of 3rd period - Shot Misses the Net.
18:40 of 3rd period - Shot by Bo Horvat.
18:40 of 3rd period - Stopped by Tristan Jarry with a rebound.
19:45 of 3rd period - Icing by Radek Faksa.
19:46 of 3rd period - Travis Zajac wins face-off versus Radek Faksa in Bruins zone.
19:46 of 3rd period - Travis Zajac is hit by Michael Stone.
Goals for this period are 0 for Lightning vs 1 for Bruins.
Shots for this period are 6 for Lightning vs 11 for Bruins.

Overtime #1


0:01 of 1st overtime period - Adam Henrique wins face-off versus Bo Horvat in neutral zone.
0:10 of 1st overtime period - Shot by Adam Henrique.
0:10 of 1st overtime period - Shot Misses the Net.
0:32 of 1st overtime period - Shot by Antoine Roussel.
0:32 of 1st overtime period - Stopped by Elvis Merzlikins without a rebound.
0:33 of 1st overtime period - Jeff Carter wins face-off versus Radek Faksa in Lightning zone.
0:44 of 1st overtime period - Shot by Jeff Carter.
0:44 of 1st overtime period - Stopped by Tristan Jarry without a rebound.
0:45 of 1st overtime period - Adam Henrique wins face-off versus Bo Horvat in Bruins zone.
1:50 of 1st overtime period - Shot by Logan Couture.
1:50 of 1st overtime period - Stopped by Tristan Jarry with a rebound.
2:06 of 1st overtime period - Shot by Radek Faksa.
2:06 of 1st overtime period - Stopped by Elvis Merzlikins with a rebound.
2:08 of 1st overtime period - Shot by Radek Faksa.
2:08 of 1st overtime period - Stopped by Elvis Merzlikins without a rebound.
2:09 of 1st overtime period - Bo Horvat wins face-off versus Vladimir Sobotka in Lightning zone.
2:30 of 1st overtime period - Shot by Bo Horvat.
2:30 of 1st overtime period - Shot Blocked by Carl Hagelin.
2:32 of 1st overtime period - Shot by Alexander Edler.
2:32 of 1st overtime period - Stopped by Tristan Jarry without a rebound.
2:33 of 1st overtime period - Logan Couture wins face-off versus Radek Faksa in Bruins zone.
2:48 of 1st overtime period - Shot by Logan Couture.
2:48 of 1st overtime period - Stopped by Tristan Jarry without a rebound.
2:49 of 1st overtime period - Bo Horvat wins face-off versus Adam Henrique in Bruins zone.
3:56 of 1st overtime period - Shot by Logan Couture.
3:56 of 1st overtime period - Stopped by Tristan Jarry without a rebound.
3:57 of 1st overtime period - Travis Zajac wins face-off versus Radek Faksa in Bruins zone.
3:58 of 1st overtime period - Shot by Alex Killorn.
3:58 of 1st overtime period - Stopped by Tristan Jarry without a rebound.
3:59 of 1st overtime period - Adam Henrique wins face-off versus Bo Horvat in Bruins zone.
4:10 of 1st overtime period - Shot by Adam Henrique.
4:10 of 1st overtime period - Shot Misses the Net.
4:26 of 1st overtime period - Shot by Patrice Bergeron.
4:26 of 1st overtime period - Stopped by Tristan Jarry without a rebound.
4:27 of 1st overtime period - Antoine Roussel wins face-off versus Jeff Carter in Bruins zone.
4:36 of 1st overtime period - Shot by Alex Iafallo.
4:36 of 1st overtime period - Deflect By Antoine Roussel.
4:36 of 1st overtime period - Shot Blocked by Kevin Shattenkirk.
4:43 of 1st overtime period - Icing by Kevin Shattenkirk.
4:44 of 1st overtime period - Radek Faksa wins face-off versus Jeff Carter in Lightning zone.
4:47 of 1st overtime period - Shot by Alex Iafallo.
4:47 of 1st overtime period - Shot Misses the Net.
4:49 of 1st overtime period - Shot by Radek Faksa.
4:49 of 1st overtime period - Stopped by Elvis Merzlikins with a rebound.
Goals for this period are 0 for Lightning vs 0 for Bruins.
Shots for this period are 7 for Lightning vs 4 for Bruins.

ShootOut


5:00 of 1st overtime period - Round #1.
5:00 of 1st overtime period - Lightning, Patrice Bergeron.
5:00 of 1st overtime period - Shot Misses the Net.
5:00 of 1st overtime period - Bruins, Tyler Bertuzzi.
5:00 of 1st overtime period - Stopped by Elvis Merzlikins.
5:00 of 1st overtime period - Round #2.
5:00 of 1st overtime period - Lightning, Bo Horvat.
5:00 of 1st overtime period - Goal by Bo Horvat.
5:00 of 1st overtime period - Bruins, Adam Henrique.
5:00 of 1st overtime period - Goal by Adam Henrique.
5:00 of 1st overtime period - Round #3.
5:00 of 1st overtime period - Lightning, Logan Couture.
5:00 of 1st overtime period - Stopped by Tristan Jarry.
5:00 of 1st overtime period - Bruins, Radek Faksa.
5:00 of 1st overtime period - Stopped by Elvis Merzlikins.
5:00 of 1st overtime period - Round #4.
5:00 of 1st overtime period - Lightning, Jeff Carter.
5:00 of 1st overtime period - Goal by Jeff Carter.
5:00 of 1st overtime period - Bruins, Jayson Megna.
5:00 of 1st overtime period - Stopped by Elvis Merzlikins.